 Dungeon Crawl Stone Soup version 0.20-a0-642-g4ff03ff (webtiles) character file.

4987 Elitist the Basher (level 10, -1/64 HPs)
             Began as a Gargoyle Wanderer on Feb 14, 2017.
             Was a High Priest of Okawaru.
             Killed by divine providence
             ... invoked by an orc priest
              (15 damage)
             ... on level 9 of the Dungeon.
             The game lasted 00:23:01 (9161 turns).

Elitist the Basher (Gargoyle Wanderer)              Turns: 9161, Time: 00:23:02

Health: -1/64      AC: 15    Str: 17    XL:     10   Next: 54%
Magic:  22/22      EV: 12    Int: 14    God:    Okawaru [*****.]
Gold:   660        SH:  0    Dex: 10    Spells: 4/9 levels left

rFire    . . .     SeeInvis .   A - +2 morningstar (holy)
rCold    . . .     Gourm    .   y - +0 ring mail (curse)
rNeg     + . .     Faith    +   (no shield)
rPois    ∞         Spirit   .   (no helmet)
rElec    +         Reflect  .   r - +1 cloak {MR+}
rCorr    .         Harm     .   (no gloves)
MR       +....                  (no boots)
Stlth    ..........             m - amulet of faith
Regen    0.2/turn               (no ring)
MPRegen  0.2/turn               j - ring of magical power

@: no status effects
A: claws 2, mutation resistance 1, negative energy resistance 1, electricity
resistance, unbreathing, petrification resistance, rot immunity, AC +7
a: Heroism, Finesse, Renounce Religion


You were on level 9 of the Dungeon.
You worshipped Okawaru.
Okawaru was extremely pleased with you.
You were not hungry.

You visited 2 branches of the dungeon, and saw 10 of its levels.

You collected 660 gold pieces.

Inventory:

Hand Weapons
 A - a +2 morningstar of holy wrath (weapon)
Missiles
 B - a throwing net
 F - 2 poisoned javelins (quivered)
Armour
 q - a +0 scale mail
 r - a +1 cloak of magic resistance (worn)
 y - a cursed +0 ring mail (worn)
 G - a +2 leather armour of fire resistance
Jewellery
 b - an uncursed ring of protection from cold {unknown}
 j - a ring of magical power (left claw)
 m - an amulet of faith (around neck)
 C - a +6 amulet of reflection {unknown}
 I - a +2 amulet of reflection {unknown}
Wands
 a - a wand of flame (5/48)
 u - a wand of acid (0/15)
 E - a wand of flame (37/48)
 H - a wand of random effects (14/48)
Scrolls
 c - a scroll of teleportation
 f - a scroll of fear {unknown}
 v - 2 scrolls of remove curse
 w - 4 scrolls of immolation
 x - a scroll of blinking {unknown}
Potions
 e - a potion of flight {unknown}
 h - a potion of might {unknown}
 n - 3 potions of curing
 o - 2 potions of magic {unknown}
 s - 2 potions of lignification {unknown}
 t - 5 potions of resistance
 z - a potion of brilliance {unknown}
 D - 2 potions of haste {unknown}
Books
 p - a book of Geomancy

   Spells                             Type                      Level
   a - Sandblast                      Earth                        1
   b - Passwall                       Transmutation/Earth          2
   c - Stone Arrow                    Conjuration/Earth            3
   d - Petrify                        Transmutation/Earth          4
   e - Lee's Rapid Deconstruction     Earth                        5
Comestibles
 d - 7 bread rations
 i - 3 chunks of flesh
 k - 4 meat rations
 l - 33 fruits


   Skills:
 + Level 7.6 Fighting
   Level 3.5 Long Blades
 * Level 9.4 Maces & Flails
 - Level 1.0 Throwing
 - Level 7.0 Armour
 + Level 4.9 Dodging
 + Level 4.6 Invocations
 - Level 1.0 Evocations


You had 4 spell levels left.
You knew the following spells:

 Your Spells              Type           Power        Failure   Level  Hunger
a - Passwall              Tmut/Erth      #.........   75%         2    ###....
b - Stone Arrow           Conj/Erth      #.....       97%         3    ####...


Dungeon Overview and Level Annotations

Branches:
Dungeon (9/15)             Temple (1/1) D:4
   Lair: D:8-11         Orc: D:9-12

Altars:
Ashenzari
Cheibriados
Dithmenos
Elyvilon
Fedhas
Gozag
Hepliaklqana
Kikubaaqudgha
Makhleb
Nemelex Xobeh
Okawaru
Ru
Sif Muna
Trog
Uskayaw
Vehumet
Xom
Yredelemnul
Zin
The Shining One

Shops:
D:5 }   D:7 %


Innate Abilities, Weirdness & Mutations

You are resistant to torment.
Your stone body is resilient. (AC +7)
You are immune to poison.
You resist negative energy. (rN+)
You are resistant to electric shocks. (rElec)
You can survive without breathing.
You are immune to petrification.
You are immune to rotting.
You have very sharp fingernails.
You are somewhat resistant to further mutation.


Message History

The orc wizard hits you but does no damage.
You bludgeon the orc wizard!!
You kill the orc wizard!
Okawaru accepts your kill.
The orc wizard mumbles some strange words.
The orc wizard blinks!
The orc warrior closely misses you.
Things that are here:
a dagger of venom; a robe You sock the orc wizard!
You kill the orc wizard!
Okawaru accepts your kill.
The orc warrior hits you from afar with a trident!
* * * LOW HITPOINT WARNING * * *
You feel like a meek peon again.
The orc priest shouts!
There is a stone staircase leading up here.
The orc warrior hits you but does no damage.
The orc priest mumbles some strange prayers to Beogh against you.
Beogh smites you!
You die...

.... ...... .....###
...... ....... #.....
.)....#####.....
......##......$.
.....?##.##$.o..
##......o..o..
######..o#o###.....
#.@.o.r..#o##....o.
#....o.).#[##).....
#...)....).##......
#...[....###.......
#........##........
#....##.....#......
####..####.##........)
#.....(............... .
###....#................


You could see an orc warrior, an orc priest, an orc and a quokka.

Vanquished Creatures
  Erica (D:8)
  A hornet (D:9)
  A hippogriff (D:8)
  A wyvern (D:8)
  2 orc warriors (D:7)
  3 sky beasts
  3 ice beasts
  A black bear (D:6)
  4 phantoms
  6 ogres
  3 centaurs
  A big kobold (D:8)
  A gnoll sergeant (D:6)
  2 scorpions (D:8)
  4 howler monkeys
  5 crimson imps
  A centaur zombie (D:6)
  2 quasits
  A bullfrog zombie (D:5)
  4 hounds
  Crazy Yiuf (D:6)
  2 jellies
  3 orc priests
  10 orc wizards
  Jessica (D:2)
  A bullfrog skeleton (D:4)
  Natasha (thrice) (D:4)
  Terence (D:2)
  2 iguanas (D:5)
  5 worker ants
  8 gnolls
  11 adders
  2 shadow imps (D:6)
  An ooze (D:2)
  An adder skeleton (D:7)
  A worm (D:3)
  A dart slug (D:1)
  5 leopard geckos
  27 orcs
  2 giant cockroaches
  10 goblins
  7 hobgoblins
  6 jackals
  2 quokkas
  4 ball pythons
  5 bats
  5 frilled lizards
  A jackal skeleton (D:5)
  7 kobolds
  2 leopard gecko skeletons
  A quokka zombie (D:8)
  7 rats
  A fungus (D:6)
193 creatures vanquished.

Vanquished Creatures (others)
  4 yaks (D:5)
  A crimson imp (D:5)
  A centaur zombie (D:5)
  A gnoll (D:5)
  An adder (D:5)
  An orc (D:5)
  A frilled lizard (D:5)
  A leopard gecko skeleton (D:5)
  A quokka skeleton (D:5)
12 creatures vanquished.

Grand Total: 205 creatures vanquished

Notes
Turn   | Place    | Note
-------+----------+-------------------------------------------
     0 | D:1      | Elitist the Gargoyle Wanderer began the quest for the Orb.
     0 | D:1      | Elitist set off with: a wand of flame (15/48), a +0 ring mail, a +0 falchion, a bread ration
     0 | D:1      | Reached XP level 1. HP: 14/14 MP: 1/1
   511 | D:1      | Reached XP level 2. HP: 10/20 MP: 2/2
  1210 | D:2      | Found an iron altar of Okawaru.
  1215 | D:2      | Became a worshipper of Warmaster Okawaru
  1220 | D:2      | Reached XP level 3. HP: 24/24 MP: 3/3
  1311 | D:2      | Noticed Jessica
  1319 | D:2      | Killed Jessica
  1319 | D:2      | Reached skill level 1 in Maces & Flails
  1371 | D:2      | Reached XP level 4. HP: 25/30 MP: 4/4
  1602 | D:2      | Noticed Terence
  1616 | D:2      | Killed Terence
  1616 | D:2      | Reached skill level 5 in Fighting
  1831 | D:3      | Reached XP level 5. HP: 33/35 MP: 5/5
  1871 | D:3      | Reached skill level 2 in Maces & Flails
  2334 | D:3      | Found a deep blue altar of Sif Muna.
  2413 | D:4      | Found a staircase to the Ecumenical Temple.
  2434 | D:4      | Noticed Natasha
  2451 | D:4      | Killed Natasha
  2530 | D:4      | Noticed a phantom
  2539 | D:4      | Killed a phantom
  2539 | D:4      | Reached * piety under Okawaru
  2539 | D:4      | Reached XP level 6. HP: 34/40 MP: 6/6
  2601 | D:4      | Noticed Natasha
  2606 | D:4      | Killed Natasha
  2635 | D:4      | Found a sacrificial altar of Ru.
  2640 | D:4      | Noticed Natasha
  2667 | D:4      | Killed Natasha
  3232 | Temple   | Entered the Ecumenical Temple
  3475 | D:5      | Entered Level 5 of the Dungeon
  3514 | D:5      | Reached XP level 7. HP: 28/44 MP: 7/7
  3533 | D:5      | Reached skill level 5 in Armour
  3539 | D:5      | Killed a yak
  3561 | D:5      | Killed a yak
  3680 | D:5      | Reached skill level 3 in Maces & Flails
  3702 | D:5      | Reached ** piety under Okawaru
  3724 | D:5      | Killed a yak
  3766 | D:5      | Reached skill level 4 in Maces & Flails
  3770 | D:5      | Killed a yak
  3992 | D:5      | Found a shimmering altar of Xom.
  4210 | D:5      | Reached XP level 8. HP: 45/49 MP: 8/8
  4214 | D:5      | Found Loteacle's Gadget Shop.
  4514 | D:5      | Reached skill level 5 in Maces & Flails
  5226 | D:6      | Reached *** piety under Okawaru
  5226 | D:6      | Reached skill level 6 in Maces & Flails
  5334 | D:6      | Received a gift from Okawaru
  5912 | D:6      | Found a radiant altar of Vehumet.
  5916 | D:6      | Gained mutation: Armour fits poorly on your strangely shaped body. [potion of mutation]
  5916 | D:6      | Gained mutation: You have sharp fingernails. [potion of mutation]
  5916 | D:6      | Gained mutation: You are somewhat resistant to further mutation. [potion of mutation]
  5917 | D:6      | Lost mutation: Armour fits poorly on your strangely shaped body. [potion of mutation]
  5917 | D:6      | Gained mutation: You have very sharp fingernails. [potion of mutation]
  5926 | D:6      | Found a blossoming altar of Fedhas.
  5927 | D:6      | Found a hazy altar of Hepliaklqana.
  5929 | D:6      | Found a shattered altar of Ashenzari.
  5930 | D:6      | Found an opulent altar of Gozag.
  6014 | D:6      | Found a runed door.
  6018 | D:6      | Noticed Crazy Yiuf
  6020 | D:6      | Killed Crazy Yiuf
  6111 | D:7      | Reached XP level 9. HP: 53/54 MP: 9/9
  6128 | D:7      | Learned a level 2 spell: Passwall
  6132 | D:7      | Learned a level 3 spell: Stone Arrow
  6145 | D:7      | Found Deshouza's Food Shop.
  6214 | D:8      | Reached skill level 7 in Maces & Flails
  6398 | D:8      | Noticed Erica
  6433 | D:8      | Killed Erica
  6433 | D:8      | Reached **** piety under Okawaru
  6440 | D:8      | Reached skill level 8 in Maces & Flails
  7013 | D:8      | Reached XP level 10. HP: 61/61 MP: 12/12
  7082 | D:8      | Received a gift from Okawaru
  7282 | D:8      | Found a bloodstained altar of Trog.
  7468 | D:7      | Found a hide-covered altar of Uskayaw.
  8135 | D:7      | Reached skill level 9 in Maces & Flails
  8144 | D:7      | Reached ***** piety under Okawaru
  8457 | D:7      | Received a gift from Okawaru
  9069 | D:9      | Found a basalt altar of Yredelemnul.
  9161 | D:9      | Killed from afar by an orc priest

Vault maps used:
D:1:      dpeg_arrival_signposts, minmay_misc_feat_more_columns
D:2:      okawaru_ov_weapons_minmay, uniq_jessica, uniq_terence
D:3:      minmay_diamond_boxcup, lemuel_blue_sif_altar, tso_altar
D:4:      nicolae_ru_sacrificial_ziggurat, minmay_temple_entry_overgrown,
          minmay_misc_feat_four_crosses, uniq_natasha
D:5:      xom_confusion_cloud, first_bread, serial_shops, shop, minivault_27
D:6:      minitemple, uniq_crazy_yiuf_cottage
D:7:      eat_drink_and_be_merry_uskayaw, serial_shops, nicolae_shop_trees
D:8:      kennysheep_mini_moat, blue_anna_alchemist, uniq_erica
D:9:      nicolae_overflow_crystal_walls, serial_shops, shop, lemuel_tele_altar,
          uniq_erolcha
Temple:   jpeg_temple_island

Skill      XL: |  1  2  3  4  5  6  7  8  9 10 |
---------------+-------------------------------+-----
Fighting       | 4 5 6 7 |  7.6
Maces & Flails | 1 2 4 6 8 9 |  9.4
Armour         | 3 4 5 6 7 |  7.0
Long Blades    | 2 3 |  3.5
Dodging        | 3 4 |  4.9
Invocations    | 3 4 |  4.6
Throwing       | |  1.0
Evocations     | |  1.0

Action                   |  1- 3 |  4- 6 |  7- 9 | 10-12 || total
-------------------------+-------+-------+-------+-------++-------
Melee: Falchion          |    57 |       |       |       ||    57
       Mace              |    15 |   147 |       |       ||   162
       Long sword        |       |    80 |    20 |       ||   100
       Morningstar       |       |       |   310 |   193 ||   503
       Punch             |       |       |       |     1 ||     1
Throw: Stone             |    10 |     7 |     2 |       ||    19
Invok: Heroism           |       |       |     3 |     1 ||     4
Evoke: Wand              |       |     4 |     9 |     1 ||    14
  Use: Scroll            |     2 |     5 |     4 |       ||    11
       Potion            |     1 |       |     7 |     1 ||     9
  Eat: Chunk             |     1 |     6 |    12 |     6 ||    25
       Meat ration       |       |     1 |       |       ||     1
       Fruit             |       |     3 |       |       ||     3
       Royal jelly       |       |     1 |       |     1 ||     2
Armor: Ring mail         |    35 |    59 |   253 |    97 ||   444
       Scale mail        |       |    90 |       |       ||    90
Dodge: Dodged            |    45 |   156 |   217 |   110 ||   528
       Rpst.: Falchion   |     9 |       |       |       ||     9
       Long sword        |       |    15 |     2 |       ||    17
